 Dungeon Crawl Stone Soup version 0.22-a0-348-gd16d139 (webtiles) character file.

57 mhoghedin the Ducker (level 4, 9/27 HPs)
             Began as a Kobold Arcane Marksman on Apr 9, 2018.
             Quit the game on level 2 of the Dungeon.
             The game lasted 00:04:37 (968 turns).

mhoghedin the Ducker (Kobold Arcane Marksman)        Turns: 968, Time: 00:04:37

Health: 9/27       AC:  2    Str:  7    XL:     4   Next: 18%
Magic:  5/5        EV: 16    Int: 15    God:
Gold:   84         SH:  0    Dex: 15    Spells: 2/5 levels left

rFire    . . .     SeeInvis .   a - +0 hand crossbow
rCold    . . .     Gourm    .   (shield restricted)
rNeg     . . .     Faith    .   e - +0 robe
rPois    .         Spirit   .   (no helmet)
rElec    .         Reflect  .   (no cloak)
rCorr    .         Harm     .   (no gloves)
MR       .....                  (no boots)
Stlth    +.........             (no amulet)
HPRegen  0.09/turn              (no ring)
MPRegen  0.09/turn              (no ring)

@: no status effects
A: small, carnivore
a: no special abilities


You were on level 2 of the Dungeon.
You were not hungry.

You visited 1 branch of the dungeon, and saw 2 of its levels.

You collected 84 gold pieces.

Inventory:

Hand Weapons
 a - a +0 hand crossbow (weapon)
Missiles
 d - 33 bolts (quivered)
Armour
 e - a +0 robe (worn)
Jewellery
 i - an uncursed ring of wizardry {unknown}
   (You found it on level 1 of the Dungeon)
Scrolls
 b - 2 scrolls of identify {unknown}
 c - a scroll of remove curse {unknown}
 g - a scroll of blinking {unknown}
Potions
 h - a potion of berserk rage {unknown}
 j - a potion of haste {unknown}
Comestibles
 f - 3 rations


   Skills:
 + Level 2.4 Fighting
 + Level 3.4 Crossbows
 + Level 3.5 Dodging
 - Level 1.1 Spellcasting
 - Level 3.0 Hexes


You had 2 spell levels left.
You knew the following spells:

 Your Spells              Type           Power        Failure   Level  Hunger
s - Slow                  Hex            #.......     11%         2    ###....
v - Corona                Hex            #......      7%          1    ##.....


Dungeon Overview and Level Annotations

Branches:
Dungeon (2/15)

Altars:


Innate Abilities, Weirdness & Mutations

You are small and have problems with some larger weapons.
You are carnivorous and can eat meat at any time.


Message History

Firing (i - inventory)
d - 40 bolts (quivered)
Aim: a dart slug (almost dead, clinging)
You shoot a bolt. The bolt hits the dart slug.
You kill the dart slug!
Health restored: 22
d - 41 bolts (gained 2)
You see here a dart slug corpse.
d - 42 bolts (gained 1)
There is an open door here.
You see here 15 sling bullets.
You enter a teleport trap!
The teleport trap disappears.
Your surroundings suddenly seem different.
Done exploring.
Unknown command.
Unknown command.
Done exploring.
Unknown command.
(D) Dungeon
Where to? (? - help)
You see here a runed spear.
There is a stone staircase leading down here.
You climb downwards.
A bat comes into view.
There is a stone staircase leading up here.
Okay, then.
Unknown command.
Unknown command.
Firing (i - inventory)
d - 42 bolts (quivered)
Aim: a bat (resting)
You shoot a bolt. The bolt hits the bat!
You kill the bat!
You have reached level 4!
Health restored: 27; MP restored: 5
d - 42 bolts (gained 1)
You see here a bat corpse.
You now have 84 gold pieces (gained 9).
An adder comes into view.
The adder hisses angrily.
An adder is nearby!
Firing (i - inventory)
d - 42 bolts (quivered)
Aim: an adder You shoot a bolt.
The bolt misses the adder.
Firing (i - inventory)
d - 41 bolts (quivered)
Aim: an adder You shoot a bolt.
The bolt closely misses the adder.
Firing (i - inventory)
d - 40 bolts (quivered)
Aim: an adder You shoot a bolt.
The bolt hits the adder!
You kill the adder!
No target in view!
No target in view!
No target in view!
Welcome back, mhoghedin the Kobold Arcane Marksman.
d - 40 bolts (gained 1)
You see here an adder corpse.
d - 41 bolts (gained 1)
A rat comes into view.
A rat is nearby!
Firing (i - inventory)
d - 41 bolts (quivered)
Aim: a rat You shoot a bolt.
The bolt closely misses the rat.
A hound comes into view.
A hound is nearby!
Firing (i - inventory)
d - 40 bolts (quivered)
Aim: a hound (hasn't noticed you)
You shoot a bolt. The bolt barely misses the hound.
The hound barks!
The hound moves out of view.
Firing (i - inventory)
d - 39 bolts (quivered)
Aim: a hound You shoot a bolt.
The bolt closely misses the hound.
Firing (i - inventory)
d - 38 bolts (quivered)
Aim: a hound You shoot a bolt.
The bolt hits the hound!
The hound completely misses you.
Firing (i - inventory)
d - 37 bolts (quivered)
Aim: a hound (moderately wounded)
You shoot a bolt. The bolt barely misses the hound.
The hound completely misses you. The hound closely misses you.
Firing (i - inventory)
d - 36 bolts (quivered)
Aim: a hound (moderately wounded)
You shoot a bolt. The bolt barely misses the hound.
The hound misses you. The rat completely misses you. The hound bites you.
A hobgoblin comes into view. It is wielding a club.
You take 2 damage, and have 25/27 hp.
Firing (i - inventory)
d - 35 bolts (quivered)
Aim: a hound (moderately wounded)
You shoot a bolt. The bolt barely misses the hound.
The hobgoblin shouts!
The rat bites you. The hound barely misses you. The rat bites you.
The hound bites you.
You take 6 damage, and have 19/27 hp.
MASSIVE DAMAGE!!
Firing (i - inventory)
d - 34 bolts (quivered)
Aim: a hound (moderately wounded)
You shoot a bolt. The bolt hits the hound.
The hound bites you. x2
You take 10 damage, and have 9/27 hp.
MASSIVE DAMAGE!!
Unknown command.
Unknown command.

### ..###.(
####.(.g...
#####.@hr#
###..†..####
#########...#####
..........###
.........##
.........#######
................
.........#######
........##


You could see a hound, a hobgoblin and a rat.

Vanquished Creatures
  2 gnolls (D:1)
  An adder (D:2)
  2 dart slugs (D:1)
  A ball python (D:1)
  3 bats
  2 giant cockroaches (D:1)
  4 goblins (D:1)
  A hobgoblin (D:1)
  3 jackals (D:1)
  4 frilled lizards (D:1)
  3 kobolds (D:1)
  2 rats (D:1)
28 creatures vanquished.

Vanquished Creatures (others)
  7 toadstools (D:1)
7 creatures vanquished.

Grand Total: 35 creatures vanquished

Notes
Turn   | Place    | Note
-------+----------+-------------------------------------------
     0 | D:1      | mhoghedin the Kobold Arcane Marksman began the quest for the Orb.
     0 | D:1      | Reached XP level 1. HP: 12/12 MP: 2/2
   105 | D:1      | Reached XP level 2. HP: 16/16 MP: 3/3
   164 | D:1      | Reached skill level 3 in Dodging
   209 | D:1      | Reached skill level 3 in Crossbows
   214 | D:1      | Reached XP level 3. HP: 21/21 MP: 4/4
   219 | D:1      | Learned a level 2 spell: Slow
   226 | D:1      | Reached skill level 2 in Fighting
   926 | D:2      | Reached XP level 4. HP: 27/27 MP: 5/5
   968 | D:2      | Quit the game

Vault maps used:
D:1:      nagdon_arrival_double_spiral, hangedman_decor_growths,
          minmay_pentomino_v4

Skill      XL: |  1  2  3 |
---------------+----------+-----
Dodging        | 3 |  3.5
Crossbows      | 3 |  3.4
Fighting       | 2 |  2.4
Spellcasting   | |  1.1
Hexes          | |  3.0

Action                   |  1- 3 |  4- 6 || total
-------------------------+-------+-------++-------
 Fire: Hand crossbow     |    68 |    11 ||    79
Armor: Robe              |     5 |       ||     5
Dodge: Dodged            |    18 |     6 ||    24

Table legend:
 A = Spawn XP
 B = Non-spawn XP
 C = Spawn XP percentage of total XP
 D = Spawn monster count
 E = Non-spawn monster count
 F = Spawn count percentage of total count
 G = Total turns spent on level
                    A         B        C        D         E        F      G
               +---------+---------+-------+---------+---------+-------+---------
         Total |       0 |      82 |   0.0 |       0 |      28 |   0.0 |   968
               +---------+---------+-------+---------+---------+-------+---------
           D:1 |       0 |      68 |   0.0 |       0 |      26 |   0.0 |   925
           D:2 |       0 |      14 |   0.0 |       0 |       2 |   0.0 |    43
               +---------+---------+-------+---------+---------+-------+---------

Vault maps used:
D:1:      nagdon_arrival_double_spiral, hangedman_decor_growths,
          minmay_pentomino_v4

Table legend:
 A = Turns spent in this place as a percentage of turns spent in the entire game.
 B = Non-inter-level travel turns spent in this place as a percentage of non-inter-level travel turns spent in the entire game.
 C = Inter-level travel turns spent in this place as a percentage of turns spent in this place.
 D = Turns resting spent in this place as a percentage of non-inter-level travel turns spent in this place.
 E = Turns spent auto-exploring this place as a percentage of non-inter-level travel turns spent in this place.
 F = Non-inter-level travel turns spent in this place divided by the number of levels of this place that you've seen.
                   A       B       C       D       E      F
               +-------+-------+-------+-------+-------+----------------------
         Total | 100.0 | 100.0 |   1.7 |  10.5 |  76.5 | 476.0
       Dungeon | 100.0 | 100.0 |   1.7 |  10.5 |  76.5 | 476.0
               +-------+-------+-------+-------+-------+----------------------

Table legend:
 A = Kills in this place as a percentage of kills in entire the game.
 B = Kills by you in this place as a percentage of kills by you in the entire game.
 C = Kills by friends in this place as a percentage of kills by friends in the entire game.
 D = Other kills in this place as a percentage of other kills in the entire game.
 E = Experience gained in this place as a percentage of experience gained in the entire game.
 F = Experience gained in this place divided by the number of levels of this place that you have seen.
                   A       B       C       D       E      F
               +-------+-------+-------+-------+-------+----------------------
         Total | 100.0 | 100.0 |   N/A |   N/A | 100.0 |  41.0
       Dungeon | 100.0 | 100.0 |   N/A |   N/A | 100.0 |  41.0
               +-------+-------+-------+-------+-------+----------------------
